 Dungeon Crawl Stone Soup version 0.22-a0-601-gb0ed703 (webtiles) character file.

51 Goblin1989 the Ducker (level 3, 0/17 HPs)
             Began as a Felid Chaos Knight on July 6, 2018.
             Succumbed to a gnoll's poison
             ... on level 2 of the Dungeon.
             The game lasted 00:05:37 (2476 turns).

Goblin1989 the Ducker (Felid Chaos Knight)          Turns: 2476, Time: 00:05:38

Health: 0/17       AC:  1    Str:  7 (8)  XL:     3   Next: 57%
Magic:  4/4        EV: 18    Int: 12 (13) God:    Xom [....*.]
Gold:   55         SH:  0    Dex: 13 (16) Spells: 2/2 levels left
                                        Lives:  0   Deaths: 0

rFire    . . .     SeeInvis +     - Unarmed
rCold    . . .     Gourm    .   (shield unavailable)
rNeg     . . .     Faith    .   (armour unavailable)
rPois    .         Spirit   .   (helmet unavailable)
rElec    .         Reflect  .   (cloak unavailable)
rCorr    .         Harm     .   (gloves unavailable)
MR       .....                  (boots unavailable)
Stlth    ++........             (no amulet)
HPRegen  0.05/turn              (no ring)
MPRegen  0.09/turn              (no ring)

@: lethally poisoned (0 -> -23), quick
A: very small, no armour, no weapons or thrown items, stealth, claws 1, fangs 3,
see invisible, carnivore, speed 1, shaggy fur 1, slow metabolism 1, sharp paws
a: Renounce Religion


You were on level 2 of the Dungeon.
You worshipped Xom.
You were a beloved toy of Xom.
You were completely stuffed.

You visited 1 branch of the dungeon, and saw 2 of its levels.

You collected 55 gold pieces.

Inventory:

Wands
 r - a wand of acid (9) {god gift, @v2}
Scrolls
 h - 3 scrolls of identify {unknown}
 j - a scroll of noise {unknown}
 o - a scroll of immolation {unknown}
 q - a scroll of amnesia {unknown}
 s - a scroll of remove curse {unknown}
Potions
 i - a potion of magic {unknown}
 k - a potion of might {unknown}
 l - a potion of resistance {unknown}
 n - 2 potions of curing {unknown}
Comestibles
 e - 5 rations
 p - 2 chunks of flesh


   Skills:
 + Level 3.3 Fighting
 + Level 3.8 Dodging
 + Level 2.0 Stealth
 * Level 3.6 Unarmed Combat


You had 2 spell levels left.
You didn't know any spells.
Your spell library was empty.

Dungeon Overview and Level Annotations

Branches:
Dungeon (2/15)

Altars:
Gozag
Nemelex Xobeh


Innate Abilities, Weirdness & Mutations

You cannot wear armour.
You are incapable of wielding weapons or throwing items.
Your paws allow you to move quietly. (Stealth)
You have sharp claws.
You have razor-sharp teeth.
You have supernaturally acute eyesight. (SInv)
You are carnivorous and can eat meat at any time.
You cover ground quickly.
You are covered in fur. (AC +1)
You have a slow metabolism.
Your sharp claws are effective at attacking unaware monsters.


Message History

No target in view!
No target in view!
No target in view!
No target in view!
No target in view!
No target in view!
No target in view!
No target in view!
No target in view!
No target in view!
No target in view!
No target in view!
No target in view!
Unknown command.
You see here a whip.
You see here a whip.
Key pressed, stopping explore.
q - a scroll labeled LECZOK XAIN No target in view!
You now have 55 gold pieces (gained 5).
Xom grants you an implement of some kind.
Something appears before you!
You see here a wand of acid (9) {god gift}.
r - a wand of acid (9) {god gift, @v2} A quokka comes into view.
A quokka is nearby!
The quokka closely misses you.
You barely miss the quokka. You bite the quokka.
The quokka is heavily wounded.
The quokka misses you.
You scratch the quokka but do no damage.
The quokka is heavily wounded.
The quokka misses you.
You barely miss the quokka.
The quokka is heavily wounded.
The quokka closely misses you.
You barely miss the quokka.
The quokka is heavily wounded.
The quokka misses you.
You miss the quokka.
The quokka is heavily wounded.
The quokka misses you.
You scratch the quokka.
You kill the quokka!
No target in view!
No target in view!
No target in view!
No target in view!
No target in view!
No target in view!
No target in view!
No target in view!
No target in view!
No target in view!
No target in view!
No target in view!
You butcher the quokka corpse.
p - 2 chunks of flesh (gained 1)
You see here a quokka skeleton. x2
s - a scroll labeled KUUNUL WAEDGHO You open the door.
A gnoll comes into view. It is wielding a whip of venom.
There is an open door here.
You scratch the gnoll.
The gnoll is lightly wounded.
The gnoll completely misses you.
You scratch the gnoll but do no damage.
The gnoll is lightly wounded.
The gnoll hits you with a whip of venom.
* * * LOW HITPOINT WARNING * * *
You are lethally poisoned!
You take 5 damage, and have 12/17 hp.
MASSIVE DAMAGE!!
You scratch the gnoll. You bite the gnoll, but do no damage.
The gnoll is lightly wounded.
* * * LOW HITPOINT WARNING * * *
You feel sick. The gnoll misses you.
You take 2 damage, and have 10/17 hp.
You are too injured to fight recklessly!
You are too injured to fight recklessly!
You scratch the gnoll but do no damage. Your bite misses the gnoll.
The gnoll is lightly wounded.
* * * LOW HITPOINT WARNING * * *
You feel sick. The gnoll closely misses you.
You take 1 damage, and have 9/17 hp.
Unknown command.
Unknown command.
It was a potion of degeneration.
There was something very wrong with that liquid.
You feel weakened.
You feel dopey.
You feel clumsy.
* * * LOW HITPOINT WARNING * * *
You feel sick.
The gnoll hits you with a whip of venom.
* * * LOW HITPOINT WARNING * * *
You are more poisoned.
You take 6 damage, and have 3/17 hp.
MASSIVE DAMAGE!!
* * * LOW HITPOINT WARNING * * *
You feel sick.
You take 1 damage, and have 2/17 hp.
You die...
Xom chortles! ███...⌂... ███ █....... ..█ ██..Ψ..█ █.█ ██...██ █.█ █████ █g█ █.█ █.█ ███@█████████

█...........█
█...........█
█......÷....█ █.█
█.████..████████████.█
█.............. ..█.█
██████.████████ █.█.█
█.█ █.█.█ █.█ █[█.█


You could see a gnoll.

Vanquished Creatures
  A worm (D:2)
  2 dart slugs
  2 leopard geckos (D:2)
  4 giant cockroaches
  5 hobgoblins
  3 jackals (D:1)
  6 kobolds
  A quokka (D:2)
  8 bats
  2 frilled lizards (D:1)
  2 goblins (D:2)
  4 rats
40 creatures vanquished.

Notes
Turn   | Place    | Note
-------+----------+-------------------------------------------
     0 | D:1      | Goblin1989 the Felid Chaos Knight began the quest for the Orb.
     0 | D:1      | Reached XP level 1. HP: 10/10 MP: 2/2
   124 | D:1      | XOM: butterfly on damage
   350 | D:1      | Reached XP level 2. HP: 14/14 MP: 3/3
   367 | D:1      | Reached skill level 1 in Stealth
   459 | D:1      | XOM: butterfly on damage
  1033 | D:1      | XOM: harmless Tloc miscast
  1111 | D:1      | XOM: divination: detect creatures
  1263 | D:1      | XOM: harmless Erth miscast
  1490 | D:2      | Reached XP level 3. HP: 14/17 MP: 4/4
  1654 | D:2      | Found a sparkling altar of Nemelex Xobeh.
  1655 | D:2      | Found an opulent altar of Gozag.
  1775 | D:2      | XOM: butterfly on damage
  2446 | D:2      | XOM: god gift: wand of acid (9) {god gift}
  2476 | D:2      | Succumbed to a gnoll's poison

Vault maps used:
D:1:      lemuel_arrival_room
D:2:      grunt_temple_overflow_opulence

Skill      XL: |  1  2  3 |
---------------+----------+-----
Stealth        | 1 2 |  2.0
Fighting       | |  3.3
Dodging        | |  3.8
Unarmed Combat | |  3.6

Action                   || total
-------------------------++-------
Melee: Unarmed           ||   144
       Bite              ||     9
       Punch             ||     2
  Use: Potion            ||     1
 Stab: Sleeping          ||     9
  Eat: Chunk             ||    10
Armor: Skin              ||     8
Dodge: Dodged            ||   127

Table legend:
 A = Spawn XP
 B = Non-spawn XP
 C = Spawn XP percentage of total XP
 D = Spawn monster count
 E = Non-spawn monster count
 F = Spawn count percentage of total count
 G = Total turns spent on level
                    A         B        C        D         E        F      G
               +---------+---------+-------+---------+---------+-------+---------
         Total |       0 |      73 |   0.0 |       0 |      40 |   0.0 |  2476
               +---------+---------+-------+---------+---------+-------+---------
           D:1 |       0 |      33 |   0.0 |       0 |      20 |   0.0 |  1373
           D:2 |       0 |      40 |   0.0 |       0 |      20 |   0.0 |  1103
               +---------+---------+-------+---------+---------+-------+---------

Vault maps used:
D:1:      lemuel_arrival_room
D:2:      grunt_temple_overflow_opulence
